 Dungeon Crawl Stone Soup version 0.29.1-15-g9cfb28693d (webtiles) character file.

Game seed: 10551604295405428436

1591948 firemarshallily the Hellbinder (level 27, 245/245 HPs)
             Began as a Merfolk Summoner on Dec 9, 2022.
             Was an Initiate of Yredelemnul.
             Escaped with the Orb
             ... and 3 runes on Feb 22, 2023!
             The game lasted 11:17:04 (84421 turns).

firemarshallily the Hellbinder (Merfolk Summoner)  Turns: 84421, Time: 11:17:05

Health: 245/245    AC: 15    Str: 15      XL:     27
Magic:  54/54      EV: 31    Int: 36 (37) God:    Yredelemnul [......]
Gold:   3631       SH: 15    Dex: 21      Spells: 6/80 levels left

rFire   + + .      SeeInvis .   m - +5 demon trident "Akuulesh" {drain, Dex+4 Stlth+}
rCold   + + .      Faith    .   K - +3 warlock's mirror {reflect}
rNeg    + . .      Spirit   .   G - +2 robe {Archmagi}
rPois   .          Reflect  +   Y - +2 hood of the Assassin {Detection Stab+ Stlth++}
rElec   .          Harm     .   D - scarf {rC+ rF+}
rCorr   .          Rampage  .   E - +4 pair of gloves of Wonder {Str+2}
Will    +++..      Archmagi +   L - +3 pair of mountain boots {steadfast, rC+}
Stlth   ++........              y - amulet of Demnitull {Reflect rF+ Str+2 SH+5}
HPRegen 0.50/turn               t - ring "Nucaedgh" {rN+ Will+ Int+6 Dex+3}
MPRegen 0.34/turn               Z - ring of Wohieb {EV+4 Int+5 Slay-2}

@: no status effects
A: (nimble swimmer 2), mertail, screaming 1
0: Orb of Zot
}: 3/15 runes: barnacled, silver, gossamer
a: Renounce Religion, Recall Undead Harvest


You escaped.
You worshipped Yredelemnul.
Yredelemnul was aware of your devotion.
You visited 11 branches of the dungeon, and saw 51 of its levels.
You visited the Abyss 1 time.
You also visited: Bailey, Volcano and Desolation.

You collected 10121 gold pieces.
You spent 6490 gold pieces at shops.

Inventory:

Hand Weapons
 m - the +5 demon trident "Akuulesh" (weapon) {drain, Dex+4 Stlth+}
   (You acquired it in a bailey)

   A truly terrible weapon, it drains the life of any living foe it strikes.
   Dex:       It affects your dexterity (+4).
   Stlth:     It makes you more stealthy.
Missiles
 H - 13 silver javelins
 I - 35 javelins
 R - 8 throwing nets
 X - 10 curare-tipped darts (quivered)
Armour
 j - the +1 hat "Boelaext" {+Blink rElec rN+ Dex+2}
   (You found it on level 3 of the Crypt)

   Dex:       It affects your dexterity (+2).
   rElec:     It insulates you from electricity.
   rN:        It protects you from negative energy.
   +Blink:    It lets you blink.
 o - a +2 cloak
 D - a scarf of resistance (worn)
 E - the +4 pair of gloves of Wonder (worn) {Str+2}
   (You found it in the Desolation of Salt)

   Str:       It affects your strength (+2).
 G - a +2 robe of the Archmagi (worn)
 K - the +3 warlock's mirror (worn) {reflect}
   (You acquired it on level 4 of the Shoals)

   It can block and reflect piercing ranged attacks and magical attacks against
   the wielder's willpower.
 L - the +3 pair of mountain boots (worn) {steadfast, rC+}
   (You found it on level 3 of the Spider Nest)

   It prevents involuntary movement, except for blinking, teleportation, or
   banishment.
   rC:        It protects you from cold.
 Y - the +2 hood of the Assassin (worn) {Detection Stab+ Stlth++}
   (You found it on level 4 of the Depths)

   It allows the wearer to sense nearby creatures.
   It allows the wearer to make particularly effective stabbing attacks against
   helpless or unaware enemies with any weapon.
   Stlth:     It makes you much more stealthy.
Jewellery
 f - a ring of magical power
 k - the ring of Polytheism {Will+ AC+4 Stlth+}
   (You found it on level 4 of the Shoals)

   [ring of protection]

   AC:        It affects your AC (+4).
   Will:      It increases your willpower.
   Stlth:     It makes you more stealthy.
 l - a ring of see invisible
 n - the amulet "Ifeopeod" {RegenMP rElec rCorr}
   (You took it off a death knight on level 2 of the Crypt)

   [amulet of magic regeneration]

   It increases your rate of magic regeneration.
   rElec:     It insulates you from electricity.
   rCorr:     It protects you from acid and corrosion.
 t - the ring "Nucaedgh" (left hand) {rN+ Will+ Int+6 Dex+3}
   (You found it on level 3 of the Elven Halls)

   [ring of intelligence]

   Int:       It affects your intelligence (+6).
   Dex:       It affects your dexterity (+3).
   rN:        It protects you from negative energy.
   Will:      It increases your willpower.
 w - a ring of wizardry
 x - a ring of protection from fire
 y - the amulet of Demnitull (around neck) {Reflect rF+ Str+2 SH+5}
   (You acquired it on level 2 of the Elven Halls)

   [amulet of reflection]

   It reflects blocked missile attacks.
   Str:       It affects your strength (+2).
   rF:        It protects you from fire.
   SH:        It affects your SH (+5).
 M - the ring of Lalomif {rN+ rCorr AC+4}
   (You acquired it on level 2 of the Depths)

   [ring of protection]

   AC:        It affects your AC (+4).
   rN:        It protects you from negative energy.
   rCorr:     It protects you from acid and corrosion.
 N - a ring of protection from cold
 O - the ring of the Tortoise {AC+8}
   (You took it off a deep elf annihilator on level 4 of the Vaults)

   [ring of protection]

   AC:        It affects your AC (+8).
 U - a ring of poison resistance
 V - the ring "Ganaodde" {Ice rElec Str+4 Int+4}
   (You took it off Josephina on level 4 of the Depths)

   [ring of ice]

   It enhances your ice magic.
   Str:       It affects your strength (+4).
   Int:       It affects your intelligence (+4).
   rF:        It makes you vulnerable to fire.
   rC:        It protects you from cold.
   rElec:     It insulates you from electricity.
 W - the ring of the Divine Tomato {rF++ AC+4 Slay-6}
   (You took it off a green draconian on level 5 of the Realm of Zot)

   [ring of protection]

   AC:        It affects your AC (+4).
   Slay:      It affects your accuracy & damage with ranged weapons and melee
   (-6).
   rF:        It greatly protects you from fire.
 Z - the ring of Wohieb (right hand) {EV+4 Int+5 Slay-2}
   (You found it on level 5 of the Lair of Beasts)

   [ring of evasion]

   EV:        It affects your evasion (+4).
   Int:       It affects your intelligence (+5).
   Slay:      It affects your accuracy & damage with ranged weapons and melee
   (-2).
Wands
 J - a wand of mindburst (33)
 T - a wand of digging (17)
Scrolls
 a - 8 scrolls of immolation
 d - 24 scrolls of teleportation
 q - 14 scrolls of fear
 r - 11 scrolls of butterflies
 u - 6 scrolls of vulnerability
 v - 2 scrolls of blinking
Potions
 b - 6 potions of magic
 c - 53 potions of curing
 e - 8 potions of attraction
 g - 18 potions of brilliance
 h - 6 potions of invisibility
 i - 19 potions of ambrosia
 p - 13 potions of might
 s - 9 potions of flight
 z - 3 potions of resistance
 A - 19 potions of lignification
 B - 2 potions of haste
 C - 8 potions of mutation
 P - 6 potions of cancellation
 Q - 14 potions of heal wounds
Miscellaneous
 F - a phial of floods
 S - a phantom mirror


   Skills:
 * Level 26.1 Fighting
 - Level 14.0 Polearms
 + Level 19.3 Dodging
 - Level 2.1 Stealth
 - Level 8.0 Shields
 O Level 27 Spellcasting
 - Level 2.9 Conjurations
 O Level 27 Summonings
 - Level 10.0 Invocations


You had 6 spell levels left.
You knew the following spells:

 Your Spells              Type           Power      Damage    Failure   Level
a - Dragon's Call         Summ           76%        N/A       1%          9
b - Silence               Hex/Air        32%        N/A       14%         5
c - Call Canine Familiar  Summ           100%       N/A       0%          3
e - Summon Lightning Spi  Summ/Air       100%       N/A       1%          4
f - Summon Ice Beast      Ice/Summ       100%       N/A       1%          4
g - Summon Mana Viper     Hex/Summ       100%       N/A       1%          5
h - Summon Cactus Giant   Summ           76%        N/A       0%          6
i - Summon Forest         Summ/Tloc      60%        N/A       1%          5
j - Monstrous Menagerie   Summ           76%        N/A       0%          7
k - Summon Horrible Thin  Summ           76%        N/A       1%          8
l - Swiftness             Air            64%        N/A       1%          3
m - Sublimation of Blood  Necr           64%        N/A       1%          2
n - Malign Gateway        Summ/Tloc      60%        N/A       1%          7
o - Blink                 Tloc           100%       N/A       1%          2
p - Slow                  Hex            100%       N/A       1%          1
q - Teleport Other        Tloc           64%        N/A       1%          3

Your spell library contained the following spells:

 Spells                   Type           Power      Damage    Failure   Level
 Summon Small Mammal      Summ           100%       N/A       0%          1
 Call Imp                 Summ           100%       N/A       0%          2
 Summon Guardian Golem    Hex/Summ       100%       N/A       0%          3
 Apportation              Tloc           100%       N/A       1%          1
 Beastly Appendage        Tmut           100%       N/A       1%          1
 Necrotise                Necr           100%       1d9       1%          1
 Sting                    Tmut/Pois      100%       1d8       1%          1
 Ensorcelled Hibernation  Hex/Ice        100%       N/A       1%          2
 Passwall                 Tmut/Erth      53%        N/A       1%          2
 Scorch                   Fire           100%       2d10      1%          2
 Static Discharge         Conj/Air       73%        3-13/arc  1%          2
 Wereblood                Tmut           64%        N/A       1%          2
 Confusing Touch          Hex            64%        N/A       1%          3
 Dazzling Flash           Conj/Hex       100%       N/A       1%          3
 Gell's Gravitas          Tloc           64%        N/A       1%          3
 Ignite Poison            Fire/Tmut/Pois 64%        N/A       1%          3
 Mephitic Cloud           Conj/Pois/Air  70%        N/A       1%          3
 Spider Form              Tmut/Pois      64%        N/A       1%          3
 Vampiric Draining        Necr           64%        2d10      1%          3
 Flame Wave               Conj/Fire      73%        2d16      2%          4
 Fulminant Prism          Conj/Hex       36%        3d18      2%          4
 Hailstorm                Conj/Ice       73%        3d15      2%          4
 Iskenderun's Mystic Bla  Conj/Tloc      73%        2d15      2%          4
 Sticky Flame             Conj/Fire      73%        2d9       2%          4
 Airstrike                Air            32%        2d(5-21)  4%          4
 Anguish                  Hex/Necr       32%        N/A       4%          4
 Dispel Undead            Necr           64%        3d22      4%          4
 Ice Form                 Ice/Tmut       64%        N/A       4%          4
 Leda's Liquefaction      Hex/Erth       32%        N/A       4%          4
 Petrify                  Tmut/Erth      64%        N/A       4%          4
 Iskenderun's Battlesphe  Conj           81%        2d13      4%          5
 Fireball                 Conj/Fire      36%        3d15      8%          5
 Irradiate                Conj/Tmut      36%        3d23      8%          5
 Lightning Bolt           Conj/Air       36%        1d54      8%          5
 Freezing Cloud           Conj/Ice/Air   35%        6-21      10%         5
 Agony                    Necr           64%        N/A       14%         5
 Alistair's Intoxication  Tmut/Pois      42%        N/A       14%         5
 Blade Hands              Tmut           32%        N/A       14%         5
 Borgnjor's Vile Clutch   Necr/Erth      32%        N/A       14%         5
 Lee's Rapid Deconstruct  Erth           32%        3d17*     14%         5
 Manifold Assault         Tloc           64%        N/A       14%         5
 Metabolic Englaciation   Hex/Ice        32%        N/A       14%         5
 Yara's Violent Unravell  Hex/Tmut       32%        3d13      14%         5
 Conjure Ball Lightning   Conj/Air       36%        3x3d12    38%         6
 Starburst                Conj/Fire      36%        6d11      38%         6
 Dispersal                Tloc           32%        N/A       58%         6
 Eringya's Noxious Bog    Tmut/Pois      32%        N/A       58%         6
 Statue Form              Tmut/Erth      42%        N/A       58%         6
 Summon Hydra             Summ           76%        N/A       0%          7
 Haunt                    Necr/Summ      60%        N/A       1%          7
 Orb of Destruction       Conj           40%        9d11      77%         7
 Dragon Form              Tmut           32%        N/A       99%         7
 Enfeeble                 Hex            32%        N/A       99%         7
 Storm Form               Tmut/Air       32%        N/A       99%         7
 Borgnjor's Revivificati  Necr           32%        N/A       100%        8
 Discord                  Hex            32%        N/A       100%        8
 Disjunction              Tloc           32%        N/A       100%        8
 Ignition                 Fire           32%        3d10      100%        8
 Infestation              Necr           32%        N/A       100%        8
 Maxwell's Capacitive Co  Air            32%        ∞         100%        8
 Necromutation            Tmut/Necr      32%        N/A       100%        8
 Chain Lightning          Conj/Air       36%        3d48      100%        9
 Death's Door             Necr           32%        N/A       100%        9
 Fire Storm               Conj/Fire      36%        8d9       100%        9
 Polar Vortex             Ice            32%        N/A       100%        9
 Shatter                  Erth           32%        3d26*     100%        9
 Animate Dead             Necr           Unusable   N/A       N/A         4
 Death Channel            Necr           Unusable   N/A       N/A         6
 Simulacrum               Ice/Necr       Unusable   N/A       N/A         6

Dungeon Overview and Level Annotations

Branches:
Dungeon (15/15)            Temple (0/1) D:6            Lair (5/5) D:10
 Shoals (4/4) Lair:2       Spider (4/4) Lair:3        Slime (1/5) Lair:4
    Orc (2/2) D:12            Elf (3/3) Orc:2        Vaults (5/5) D:14
  Crypt (3/3) Vaults:2       Tomb (0/3) Crypt:3      Depths (4/4) D:15
    Zot (5/5) Depths:4     Bailey (visited)         Volcano (visited)
Desolation (visited)

Altars:
Ashenzari
Cheibriados
Dithmenos
Fedhas
Gozag
Hepliaklqana
Makhleb
Okawaru
Sif Muna
Vehumet
Xom
Yredelemnul
Zin
The Shining One
Jiyva
Lugonu

Shops:
D:1 :   D:6 *   D:13 ?   Orc:2 *:*(   Elf:1 *   Elf:3 ?   Shoals:4 ?
Vaults:5 ?!!![=!:!

Portals:
Hell: Depths:1 Depths:2 Depths:3 Depths:4
Abyss: Shoals:2 Depths:3
Pandemonium: Orc:2 Depths:2
Ziggurat: Depths:2

Annotations:
Crypt:1 2 transporters
Zot:2 2 transporters


Innate Abilities, Weirdness & Mutations

((You are very nimble when in or above water. (Stealth+, EV+, Speed+++)))
Your lower body shifts to a powerful aquatic tail in water.
You occasionally shout uncontrollably at your foes.


Message History

Press: ? - help, Dir - move target
As you read the scroll of blinking, it crumbles to dust.
There is a stone staircase leading up here.
You climb upwards.
There is a stone staircase leading down here.
Magic restored.
There is a stone staircase leading up here.
You climb upwards.
There is a stone staircase leading down here.
Your extra speed is starting to run out.
You see here a +0 chain mail.
There is a stone staircase leading up here.
You climb upwards.
You feel yourself slow down.
There is a stone staircase leading down here.
There is a stone staircase leading up here.
You climb upwards.
There is a stone staircase leading down here.
A cherub comes into view. It is wielding a +4 flail of flaming.
Blink to where?
Press: ? - help, Dir - move target, f - you
Okay, then.
Casting: Monstrous Menagerie (safe; 0% risk of failure)
Confirm with . or Enter, or press ? or * to list all spells.
You feel a surge of power!
The cherub unwields a +4 flail of flaming.
It stops flaming.
The cherub wields a +0 shortbow.
The cherub shoots an arrow.
The arrow hits your large abomination!
You feel yourself speed up. Something hits your large abomination!
Something burns your large abomination. Something gores your large abomination.
A cherub comes into view.
It is wielding a +3 long sword of flaming.
There is a stone staircase leading up here.
You climb upwards.
There is a stone staircase leading down here.
Magic restored.
Your extra speed is starting to run out.
You feel yourself slow down.
There is a staircase leading out of the dungeon here.
You have escaped!

#.# #.......................#..#.
#.# #.#..###.#..#.##.###..#.#..#.
#.# #.##.#..###.#.##...#.##.####.
#.# #..#........#........#..#....
#.# ##.|.######.#.######...##.###
#.# ##...## #...# ##...###.# #
#.######...## ##### ##...## #.###
#..ZZZ.##...###...###...## #.#..
######.###...#..@..#...######'#..
...# #.# ##...........###........
...###.######...#....## #........
...#........########## #........
...#)#.#.............####........
..X#.#.#.###.###.......#######...
.....#.#.# #.#..Z......# #.'...
...XX#.#.# #.#.#.......# #.#...
..#X###..# #..###......# #.####


There were no monsters in sight!

Vanquished Creatures
  Khufu (Crypt:3)
  A royal mummy (Crypt:3)
  A Killer Klown (Zot:4)
  A curse toe (Zot:4)
  2 golden dragons
  3 tentacled monstrosities
  3 Orb Guardians (Zot:5)
  3 quicksilver dragons
  A kraken (Shoals:4)
  A death cob (Zot:4)
  An ancient champion (Crypt:3)
  Agnes (Spider:2)
  2 draconian monks
  A deep elf sorcerer (Elf:1)
  2 ghost moths
  2 fire giants
  The ghost of javelincjr the Eclecticist, an adept DjFE of Hepliaklqana (Elf:1)
  A draconian annihilator (Zot:2)
  2 ironbound preservers
  A draconian scorcher (Zot:1)
  A draconian shifter (Zot:4)
  A Killer Klown zombie (Zot:5)
  A deep elf elementalist (Elf:3)
  5 stone giants
  A war gargoyle (Vaults:5)
  A draconian stormcaller (Zot:4)
  A deep elf annihilator (Elf:3)
  A red draconian (Zot:1)
  A green draconian (Zot:1)
  A purple draconian (Zot:4)
  A yellow draconian (Zot:1)
  A spectral human (Zot:4)
  5 deep elf death magi
  A merfolk javelineer (Shoals:3)
  A deep elf high priest (Elf:1)
  An eidolon (Crypt:1)
  An ettin (Vaults:4)
  A ragged hierophant (Desolation)
  A merfolk impaler (Shoals:2)
  A great orb of eyes (Vaults:4)
  A servant of whispers (Desolation)
  2 hydras
  4 vault guards (Vaults:4)
  2 boulder beetles
  An ogre mage (D:13)
  2 two-headed ogres
  A hydra (shapeshifter) (Elf:1)
  A centaur warrior (D:13)
  4 merfolk avatars
  3 demonspawn (Orc:2)
  A spriggan skeleton (Crypt:3)
  2 radroaches
  A merfolk aquamancer (Shoals:2)
  2 dancing weapons
  4 orc high priests (Orc:2)
  2 deep troll shamans
  3 tengu warriors
  Sonja (Lair:5)
  A sun demon (Orc:2)
  A sun moth (Spider:3)
  A titan skeleton (Crypt:3)
  An iron troll (Depths:3)
  A golden dragon zombie (Zot:4)
  6 sea snakes
  3 skeletal warriors
  2 large abominations (Elf:1)
  A deep elf archer (Elf:3)
  3 ironbound convokers
  4 harpies
  8 deep elf zephyrmancers
  2 necromancers (Elf:1)
  A wizard (Vaults:3)
  2 phantasmal warriors
  6 ugly things
  2 orc knights (Orc:2)
  A wolf spider (Spider:2)
  7 deep elf pyromancers
  5 manticores
  2 cyclopes
  A merfolk siren (Lair:2)
  7 moths of wrath
  A guardian serpent (shapeshifter) (D:15)
  A smoke demon (Orc:2)
  4 elephants
  A torpor snail (Lair:2)
  2 vault sentinels (Vaults:3)
  A black mamba (Lair:3)
  A water nymph (Shoals:4)
  An orange demon (Lair:2)
  A red draconian zombie (Zot:4)
  A demonic crawler (Spider:1)
  2 kobold demonologists (D:13)
  A freezing wraith (Crypt:2)
  2 rime drakes
  4 komodo dragons
  A hellwing (Depths:2)
  A yaktaur (Vaults:3)
  2 meliai
  A polar bear (Lair:3)
  A merfolk (Shoals:3)
  A wind drake (Lair:5)
  2 tarantellas
  3 trolls
  A saltling (Desolation)
  A hornet (Lair:5)
  A harpy skeleton (Crypt:3)
  7 blink frogs
  13 slime creatures
  A great orb of eyes zombie (Vaults:2)
  2 snapping turtles
  6 culicivoras
  7 jumping spiders
  10 yaks
  A wyvern (Lair:1)
  An ettin skeleton (Crypt:3)
  A fire elemental (D:13)
  A fire bat (Volcano)
  A water elemental (D:12)
  A basilisk (Lair:2)
  A steam dragon (D:8)
  A human (Shoals:4)
  8 redbacks
  2 vampire mosquitoes
  3 wargs
  Edmund (D:5)
  2 acid dragons (D:11)
  6 water moccasins
  A sky beast (D:7)
  An ice beast (D:6)
  15 orc warriors
  A black bear (D:4)
  2 wolves (Lair:1)
  4 ogres
  5 centaurs
  2 boggarts (Vaults:3)
  A kobold brigand (D:9)
  3 nameless horrors
  7 bullfrogs
  A gnoll sergeant (D:11)
  A scorpion (D:5)
  7 wights
  A polar bear skeleton (Crypt:2)
  7 killer bees
  7 electric eels
  3 howler monkeys (D:8)
  3 jellies
  3 lava snakes (Volcano)
  A hound (D:5)
  An iron imp (D:4)
  3 orc priests (Orc:2)
  An iguana (D:4)
  3 orc wizards
  9 gnolls
  An iguana zombie (Crypt:1)
  A dart slug (D:3)
  24 orcs
  3 bats
  An endoplasm (D:3)
  2 giant cockroaches (D:1)
  4 goblins
  3 hobgoblins
  3 kobolds
  A quokka (D:4)
  A ball python (D:2)
  2 frilled lizards (D:2)
  A butterfly (Vaults:4)
  A tentacle (Shoals:3)
419 creatures vanquished.

Vanquished Creatures (collateral kills)
  3 dread liches
  5 orbs of fire (Zot:5)
  2 ancient liches
  2 juggernauts
  Mara (Depths:1)
  A royal mummy (Crypt:3)
  Bai Suzhen (Crypt:1)
  Boris (twice) (Vaults:5 Crypt:2)
  Josephina (Depths:4)
  Vv (Depths:4)
  Parghit (Depths:4)
  5 Killer Klowns (Zot:5)
  Frederick (Vaults:2)
  Margery (Crypt:3)
  Saint Roka (Vaults:5)
  2 curse toes
  Xtahua (Depths:4)
  4 caustic shrikes (Depths:4)
  10 golden dragons
  Nikola (Spider:1)
  Arachne (Spider:2)
  A bone dragon (Depths:4)
  3 electric golems
  Rupert (Lair:5)
  2 hellephants (Elf:2)
  4 liches
  Jorgrun (Spider:3)
  11 tentacled monstrosities
  A walking earthen tome (Depths:2)
  27 Orb Guardians
  7 quicksilver dragons
  2 acid blobs
  4 titans
  A walking frostbound tome (Depths:3)
  A deep elf master archer (Elf:3)
  A sphinx (shapeshifter) (Vaults:1)
  An eldritch tentacle (Zot:5)
  4 death cobs
  7 ancient champions
  A deep elf blademaster (Elf:3)
  A kraken (Shoals:3)
  4 sphinxes
  15 tengu reavers
  Roxanne (Shoals:2)
  11 storm dragons
  5 shadow dragons
  Kirke (Shoals:4)
  Donald (Shoals:2)
  4 draconian knights
  2 draconian monks
  A revenant (Crypt:3)
  6 emperor scorpions
  An azure jelly (Slime:1)
  10 fire giants
  2 iron dragons
  3 imperial myrmidons (Desolation)
  8 deep elf sorcerers
  15 frost giants
  The ghost of FexLirch the Devastator, an adept MeTm of Ashenzari (Spider:4)
  9 draconian shifters
  A balrug (Depths:3)
  8 deep elf elementalists (Elf:3)
  Louise (Depths:3)
  4 draconian stormcallers
  3 draconian scorchers
  9 ghost moths
  19 vault wardens
  2 draconian annihilators
  2 reapers
  A broodmother (Spider:4)
  A quicksilver ooze (Slime:1)
  4 war gargoyles
  13 stone giants
  8 ghouls
  12 ironbound preservers
  The ghost of Radix the Thaumaturge, a journeyman GrEE of Vehumet (Lair:5)
  27 very ugly things
  9 caustic shrike skeletons (Crypt:3)
  7 green draconians
  6 ironbound thunderhulks
  3 deep elf demonologists (Elf:3)
  Azrael (D:13)
  10 dire elephants (Vaults:3)
  13 purple draconians
  4 vampire knights
  6 spark wasps
  10 yellow draconians
  6 black draconians
  8 deep elf annihilators
  7 entropy weavers
  8 white draconians
  An acid blob zombie (Crypt:1)
  A bunyip (shapeshifter) (Depths:3)
  18 red draconians
  2 halazid warlocks (Desolation)
  2 deep elf death magi (Elf:3)
  16 ettins
  4 eidola
  6 merfolk javelineers
  9 merfolk impalers
  An ettin (shapeshifter) (Elf:2)
  17 jiangshi
  A crystal guardian (Desolation)
  7 fire dragons
  4 deep elf high priests
  5 ragged hierophants
  3 spriggan zombies
  3 rakshasas
  7 spriggan air magi
  17 yaktaur captains
  2 servants of whispers (Desolation)
  A great orb of eyes (shapeshifter) (Elf:2)
  4 great orbs of eyes
  A hell beast (D:7)
  40 vault guards
  5 hydras
  5 boulder beetles
  A boulder beetle (shapeshifter) (Elf:2)
  Harold (Lair:1)
  9 peacekeepers
  5 ice dragons
  2 radroaches
  4 ogre magi
  An alligator snapping turtle (Shoals:1)
  3 merfolk avatars
  8 ironbound frosthearts
  2 death knights
  8 merfolk aquamancers
  12 two-headed ogres
  2 centaur warriors
  2 jorogumos (Spider:4)
  26 dancing weapons
  4 deep troll shamans
  A two-headed ogre (shapeshifter) (Vaults:4)
  7 tengu warriors
  6 deep troll earth magi
  4 satyrs
  3 orc high priests (Orc:2)
  Urug (D:10)
  9 spriggan berserkers
  6 vampire magi
  10 hell knights
  3 soul eaters
  2 sun demons
  Amaemon (Lair:2)
  41 skeletal warriors
  12 deep elf knights
  A salamander mystic (Depths:3)
  A spectral red draconian (Zot:4)
  A storm dragon zombie (Depths:3)
  8 iron trolls
  A sea snake (shapeshifter) (Elf:2)
  5 titan skeletons (Crypt:3)
  A deep troll (shapeshifter) (Vaults:5)
  A shadow wraith (Crypt:3)
  A sun moth (Spider:1)
  5 pharaoh ants
  A spriggan rider (Depths:1)
  6 sea snakes
  A bunyip zombie (Crypt:1)
  8 glowing orange brains
  3 steelbarb worms
  3 orb spiders
  An anaconda zombie (Crypt:2)
  34 deep trolls
  8 deep elf archers
  A swamp dragon (Vaults:4)
  9 flayed ghosts
  An orange crystal statue (Depths:2)
  A swamp dragon (shapeshifter) (Elf:1)
  27 deep elf zephyrmancers
  5 wizards
  7 lindwurms
  10 harpies
  4 orc knights
  24 deep elf pyromancers
  7 phantasmal warriors
  An anaconda skeleton (Crypt:3)
  21 wolf spiders
  27 ironbound convokers
  A frost giant zombie (Crypt:1)
  3 shining eyes (Slime:1)
  A glowing shapeshifter (Elf:1)
  7 orc sorcerers
  14 necromancers
  32 ugly things
  A shining eye (shapeshifter) (Elf:1)
  2 oklob plants
  3 salamanders (Depths:3)
  15 manticores
  10 cyclopes
  A moth of wrath (shapeshifter) (Elf:1)
  16 fauns
  A stone giant zombie (Crypt:3)
  14 elephants
  24 moths of wrath
  An iron dragon skeleton (Crypt:1)
  19 vault sentinels
  2 black mambas
  A stone giant skeleton (Crypt:3)
  3 torpor snails
  5 water nymphs
  An apocalypse crab (Elf:2)
  A centaur zombie (Crypt:1)
  6 merfolk sirens
  A water nymph (shapeshifter) (Elf:2)
  A guardian serpent (Desolation)
  2 molten gargoyles (Volcano)
  3 smoke demons
  A rust devil (Orc:2)
  A rime drake (Lair:5)
  The ghost of kamileon1 the Ruffian, a novice FoTm of Kikubaaqudgha (D:12)
  An orange demon (Zot:5)
  4 cane toads
  A storm dragon simulacrum (Depths:4)
  A cane toad (shapeshifter) (D:15)
  2 dire elephant skeletons (Crypt:1)
  4 demonic crawlers
  37 yaktaurs
  A swamp worm zombie (Crypt:3)
  5 guardian mummies (Crypt:3)
  3 freezing wraiths
  6 komodo dragons
  An ice devil (Depths:2)
  36 merfolk
  An alligator snapping turtle skeleton (Crypt:3)
  A tormentor (Zot:5)
  A red draconian skeleton (Crypt:3)
  6 tengu conjurers
  A catoblepas skeleton (Crypt:1)
  A golden dragon simulacrum (Depths:4)
  A demonic crawler zombie (Spider:4)
  A shadow dragon simulacrum (Depths:4)
  3 tengu simulacra
  5 meliai
  2 yaktaur skeletons
  A tarantella (shapeshifter) (Elf:1)
  2 polar bears (Lair:5)
  A moth of wrath zombie (Crypt:3)
  7 hornets
  2 harpy skeletons (Crypt:1)
  8 wind drakes
  11 blink frogs
  A merfolk (shapeshifter) (Elf:3)
  27 tarantellas
  A mana viper skeleton (Crypt:1)
  71 slime creatures
  A jumping spider zombie (Spider:1)
  A dream sheep (shapeshifter) (Elf:2)
  38 saltlings
  An ettin zombie (Depths:2)
  A fire dragon zombie (Crypt:3)
  14 dream sheep
  A slime creature (shapeshifter) (Elf:2)
  A snapping turtle (shapeshifter) (Elf:1)
  A fire dragon skeleton (Crypt:3)
  21 jumping spiders
  15 snapping turtles
  A stone giant simulacrum (Vaults:3)
  5 air elementals
  A spriggan (shapeshifter) (D:14)
  20 culicivoras
  5 flying skulls (Crypt:2)
  2 large abominations (Elf:1)
  5 spriggans
  9 wraiths
  An ettin skeleton (Crypt:3)
  16 water elementals
  A naga simulacrum (Crypt:1)
  A fire bat (Volcano)
  A ynoxinul (Depths:2)
  A yak (shapeshifter) (Depths:3)
  4 humans (Shoals:4)
  17 yaks
  A basilisk (Lair:5)
  2 hogs (Shoals:4)
  A black mamba skeleton (Crypt:3)
  3 chaos spawn
  A human (shapeshifter) (Vaults:5)
  7 fire elementals
  A neqoxec (Depths:2)
  A faun zombie (Shoals:3)
  56 redbacks
  2 glowing shapeshifter zombies
  A vampire mosquito (D:12)
  A naga zombie (Crypt:1)
  A fire bat zombie (Crypt:2)
  7 wargs
  8 acid dragons
  A deep troll zombie (Crypt:2)
  2 water moccasins
  A glowing shapeshifter skeleton (Crypt:2)
  A hell hound (D:13)
  An ice beast (D:6)
  26 orc warriors
  A sky beast (D:7)
  3 wolves
  A lindwurm zombie (Vaults:1)
  6 ogres
  A swamp dragon skeleton (Crypt:3)
  3 boggarts (Vaults:3)
  2 manticore skeletons (Crypt:1)
  A centaur (shapeshifter) (Elf:1)
  A hog zombie (Crypt:3)
  3 kobold brigands
  2 human zombies
  3 gnoll sergeants
  9 bullfrogs
  A scorpion (D:4)
  A wyvern zombie (Crypt:2)
  2 human skeletons (Vaults:1)
  10 necrophages
  24 wights
  A cyclops skeleton (Crypt:1)
  2 killer bees
  A polar bear zombie (Crypt:1)
  7 electric eels
  5 howler monkeys
  5 lava snakes
  A wolf skeleton (Crypt:2)
  12 jellies
  A hound (D:6)
  22 orc priests
  Jessica (D:3)
  2 iguanas
  Terence (D:2)
  A basilisk skeleton (Crypt:1)
  12 orc wizards
  5 nameless horrors
  A tengu zombie (Crypt:1)
  8 mummies (Crypt:3)
  14 gnolls
  2 gnoll zombies
  7 adders
  A white imp (D:8)
  A worm (D:5)
  4 dart slugs
  69 orcs
  6 ball pythons
  6 bats
  4 endoplasms
  2 giant cockroaches
  4 goblins
  4 hobgoblins
  23 kobolds
  A quokka (D:4)
  3 frilled lizards
  A kobold skeleton (Crypt:2)
  A kobold zombie (D:9)
  An orc zombie (D:10)
  5 rats
  A rat skeleton (Crypt:3)
  15 butterflies (Vaults:4)
  A fungus (Depths:1)
  2 lurking horrors (Shoals:2)
  3 tentacles
2159 creatures vanquished.

Vanquished Creatures (others)
  2 eldritch tentacles
  2 deep elf sorcerers
  A juggernaut zombie (Depths:2)
  3 caustic shrike zombies (Depths:4)
  A spectral tentacled monstrosity (Depths:3)
  A spectral golden dragon (Zot:5)
  2 war gargoyles (Vaults:5)
  A Killer Klown zombie (Zot:5)
  5 very ugly thing zombies
  5 quicksilver dragon zombies
  12 Orb Guardian zombies (Zot:5)
  A tengu warrior (Depths:2)
  A quicksilver ooze zombie (Slime:1)
  A spectral balrug (Depths:3)
  A deep elf knight (Elf:2)
  3 storm dragon zombies
  2 spark wasp zombies (Depths:2)
  An entropy weaver zombie (Spider:4)
  2 ghost moth zombies
  3 golden dragon zombies
  5 spriggan zombies
  2 shadow dragon zombies
  A wizard (Vaults:3)
  A lindwurm (Vaults:3)
  7 ugly thing zombies
  A spectral merfolk (Shoals:2)
  A harpy (Shoals:2)
  12 wolf spider zombies
  2 draconian zombies
  4 stone giant zombies
  3 frost giant zombies (Depths:2)
  4 fire giant zombies
  A dire elephant zombie (Vaults:3)
  A titan simulacrum (Depths:4)
  A water nymph (shapeshifter) (Depths:3)
  2 black draconian zombies
  2 yellow draconian zombies
  3 red draconian zombies
  19 redback zombies
  2 sea snake zombies (Shoals:4)
  A purple draconian zombie (Zot:5)
  2 spectral glowing orange brains
  A yaktaur (Vaults:3)
  3 demonic crawler zombies
  4 moth of wrath zombies
  A saltling (Desolation)
  2 radroach zombies
  12 tarantella zombies
  2 guardian serpent zombies
  2 ice dragon zombies (Depths:2)
  4 fire dragon zombies
  11 culicivora zombies
  2 ettin zombies
  A sun moth zombie (Spider:3)
  9 jumping spider zombies
  A boulder beetle zombie (Spider:1)
  2 great orb of eyes zombies
  A satyr zombie (Shoals:3)
  2 black mamba zombies
  7 wind drake zombies
  28 slime creature zombies
  A spectral rust devil (Orc:2)
  12 merfolk zombies
  A demonspawn zombie (Orc:2)
  5 tengu zombies
  2 fire bat zombies (Volcano)
  2 two-headed ogre zombies (D:15)
  15 deep troll zombies
  4 faun zombies
  2 water nymph zombies
  2 cane toad zombies
  3 spectral smoke demons
  19 elf zombies
  A large abomination (Elf:1)
  3 hornet zombies
  3 dream sheep zombies
  4 elephant zombies
  A lindwurm zombie (Lair:5)
  2 snapping turtle zombies (Shoals:4)
  7 blink frog zombies (Lair:5)
  9 manticore zombies
  A boggart (Vaults:3)
  A vampire mosquito zombie (D:12)
  2 salamander zombies (Depths:3)
  2 rime drake zombies
  3 komodo dragon zombies
  14 yaktaur zombies
  A cyclops zombie (Shoals:4)
  4 water moccasin zombies
  4 warg zombies
  10 yak zombies
  A troll zombie (D:12)
  A polar bear zombie (Lair:5)
  3 wolf zombies
  2 centaur zombies
  8 bullfrog zombies
  4 boggart zombies (Vaults:3)
  A scorpion zombie (D:5)
  4 killer bee zombies
  2 acid dragon zombies (Spider:2)
  6 ogre zombies
  2 howler monkey zombies
  3 spectral electric eels
  43 human zombies
  A steam dragon zombie (D:8)
  2 adder zombies
  2 iguana zombies
  3 jelly zombies
  3 lava snake zombies
  A spectral white imp (D:8)
  An orc (Orc:1)
  A dart slug zombie (D:5)
  A frilled lizard zombie (D:2)
  13 gnoll zombies
  A goblin zombie (D:2)
  3 hobgoblin zombies
  9 kobold zombies
  76 orc zombies
  64 fungi
  215 plants
  12 snaplasher vines
  26 tentacles
  7 toadstools (D:6)
883 creatures vanquished.

Grand Total: 3461 creatures vanquished

Notes
Turn   | Place    | Note
-------+----------+-------------------------------------------
     0 | D:1      | firemarshallily the Merfolk Summoner began the quest for
                  | the Orb.
     0 | D:1      | Reached XP level 1. HP: 13/13 MP: 3/3
   268 | D:1      | Upgraded the game from 0.29.1-4-g47bece8355 to
                  | 0.29.1-12-g30fa7ad0bf
   312 | D:1      | Reached XP level 2. HP: 20/20 MP: 1/5
   320 | D:1      | Learned a level 2 spell: Call Imp
  1100 | D:1      | Reached skill level 1 in Fighting
  1102 | D:1      | Found Tuomiph's Book Boutique.
  1106 | D:1      | Reached XP level 3. HP: 23/26 MP: 6/6
  1154 | D:1      | Found a faded altar of an unknown god.
  1247 | D:1      | Prayed at the altar of an unknown god.
  1247 | D:1      | Became a worshipper of Yredelemnul the Dark
  1247 | D:1      | Reached * piety under Yredelemnul
  1446 | D:2      | Found a hazy altar of Hepliaklqana.
  1852 | D:2      | Learned a level 3 spell: Call Canine Familiar
  1972 | D:2      | Noticed Terence
  1987 | D:2      | Killed Terence
  1988 | D:2      | Reached XP level 4. HP: 29/32 MP: 8/8
  2425 | D:3      | Noticed Jessica
  2457 | D:3      | Killed Jessica
  2458 | D:3      | Reached skill level 5 in Summonings
  2458 | D:3      | Reached XP level 5. HP: 36/38 MP: 9/9
  2686 | D:3      | Found a broken altar of Ashenzari.
  2817 | D:3      | Found an opulent altar of Gozag.
  3433 | D:4      | Reached XP level 6. HP: 40/46 MP: 11/11
  3579 | D:4      | Reached ** piety under Yredelemnul
  3636 | D:4      | Found a shadowy altar of Dithmenos.
  3675 | D:4      | Noticed a black bear
  3708 | D:4      | Killed a black bear
  4131 | D:4      | Found a snail-covered altar of Cheibriados.
  4201 | D:5      | Entered Level 5 of the Dungeon
  4352 | D:5      | Noticed Edmund
  4361 | D:5      | Reached XP level 7. HP: 49/52 MP: 13/13
  4395 | D:5      | Killed Edmund
  4424 | D:5      | Reached skill level 5 in Spellcasting
  4656 | D:5      | Your ally Edmund died
  4943 | D:5      | Reached XP level 8. HP: 56/60 MP: 16/16
  5627 | D:6      | Found Oxoek's General Store.
  5635 | D:6      | Bought a potion of mutation for 112 gold pieces
  5874 | D:6      | Learned a level 3 spell: Summon Guardian Golem
  5879 | D:6      | Learned a level 4 spell: Summon Lightning Spire
  6328 | D:6      | Found a staircase to the Ecumenical Temple.
  6621 | D:6      | Noticed a slime creature
  6621 | D:6      | Noticed a slime creature
  7163 | D:7      | Reached skill level 5 in Fighting
  7290 | D:7      | Reached XP level 9. HP: 60/68 MP: 19/19
  7514 | D:7      | Identified a scroll of acquirement
  7736 | D:8      | Found a flagged portal.
  7743 | D:8      | Identified the +8 spear "Ymasem" {vorpal, Str+4}
  7767 | Bailey   | Entered a bailey
  7906 | Bailey   | Found a large runed translucent door.
  7906 | Bailey   | Found a large runed translucent door.
  7915 | Bailey   | Reached skill level 1 in Polearms
  7941 | Bailey   | Noticed an orc knight
  7995 | Bailey   | Killed an orc knight
  8146 | Bailey   | Noticed a deep elf pyromancer
  8178 | Bailey   | Acquired the +5 demon trident "Akuulesh" {drain, Dex+4
                  | Stlth+}
  8191 | Bailey   | Killed a deep elf pyromancer
  8328 | D:8      | Reached skill level 5 in Polearms
  8328 | D:8      | Reached XP level 10. HP: 76/76 MP: 21/21
  8462 | D:8      | Found a burning altar of Makhleb.
  9390 | D:9      | Noticed a cyclops
  9392 | D:9      | Found a transporter.
  9394 | D:9      | Noticed a tengu warrior
  9397 | D:9      | Noticed a manticore
  9401 | D:9      | Killed a cyclops
  9444 | D:9      | Found a transporter.
  9496 | D:9      | Reached skill level 10 in Summonings
  9513 | D:9      | Reached *** piety under Yredelemnul
  9524 | D:9      | Reached **** piety under Yredelemnul
  9707 | D:9      | Found a shimmering altar of Xom.
  9717 | D:9      | Found a glowing golden altar of the Shining One.
  9888 | D:9      | Found a glowing silver altar of Zin.
  9895 | D:9      | Found a shimmering blue altar of Sif Muna.
  9896 | D:9      | Found a blossoming altar of Fedhas.
 10037 | D:9      | Found an iron altar of Okawaru.
 10308 | D:10     | Entered Level 10 of the Dungeon
 10313 | D:10     | Reached XP level 11. HP: 80/84 MP: 24/24
 10406 | D:10     | Found a staircase to the Lair.
 10543 | D:10     | Noticed a two-headed ogre
 10550 | D:10     | Killed a two-headed ogre
 11050 | D:10     | Noticed Urug
 11263 | D:11     | Noticed a manticore
 11676 | D:11     | Noticed a six-headed hydra
 11685 | D:11     | Killed a six-headed hydra
 11748 | D:11     | Killed a manticore
 11791 | D:11     | Noticed a boulder beetle
 11805 | D:11     | Killed a boulder beetle
 11811 | D:11     | Identified the +0 ring mail "Maofyhe" {Stlth+}
 11823 | D:11     | Noticed a skeletal warrior
 11853 | D:11     | Killed a skeletal warrior
 11953 | D:11     | Noticed a skeletal warrior
 11956 | D:11     | Noticed a skeletal warrior
 11983 | D:11     | Killed a skeletal warrior
 12003 | D:11     | Killed a skeletal warrior
 12004 | D:11     | Reached skill level 10 in Polearms
 12004 | D:11     | Reached skill level 10 in Spellcasting
 12700 | D:12     | Noticed a cyclops
 12703 | D:12     | Noticed a tengu reaver
 12704 | D:12     | Noticed an ettin
 12704 | D:12     | Found a runed translucent gate.
 12704 | D:12     | Found a runed translucent gate.
 12704 | D:12     | Noticed kamileon1's ghost (novice FoTm)
 12705 | D:12     | Found a runed translucent gate.
 12705 | D:12     | Noticed a brown ugly thing
 12707 | D:12     | Noticed a boulder beetle
 12893 | D:12     | Noticed a manticore
 12979 | D:12     | Killed a manticore
 12980 | D:12     | Reached XP level 12. HP: 57/94 MP: 25/26
 13361 | D:12     | Reached ***** piety under Yredelemnul
 13483 | D:12     | Found a staircase to the Orcish Mines.
 14367 | Lair:1   | Entered Level 1 of the Lair of Beasts
 15038 | Lair:1   | Noticed Harold
 15051 | Lair:1   | Killed Harold
 15560 | Lair:2   | Learned a level 4 spell: Summon Ice Beast
 15566 | Lair:2   | Learned a level 5 spell: Summon Mana Viper
 15689 | Lair:2   | Found a staircase to the Shoals.
 15873 | Lair:2   | Noticed Amaemon
 15885 | Lair:2   | Killed Amaemon
 15893 | Lair:2   | Reached XP level 13. HP: 72/101 MP: 3/28
 17442 | Lair:3   | Learned a level 6 spell: Summon Cactus Giant
 17448 | Lair:3   | Learned a level 5 spell: Summon Forest
 17519 | Lair:3   | Found a transporter.
 17520 | Lair:3   | Found a transporter.
 17587 | Lair:3   | Found a hole to the Spider Nest.
 17663 | Lair:3   | Reached ****** piety under Yredelemnul
 18300 | Lair:4   | Reached skill level 10 in Fighting
 18630 | Lair:4   | Identified the +4 chain mail "Oqetif" {Dex+3}
 19108 | Lair:4   | Found a staircase to the Slime Pits.
 19110 | Lair:4   | Found a viscous altar of Jiyva.
 19331 | Lair:5   | Entered Level 5 of the Lair of Beasts
 19559 | Lair:5   | Reached skill level 1 in Shields
 19730 | Lair:5   | Noticed Sonja
 19736 | Lair:5   | Found a large runed translucent door.
 19737 | Lair:5   | Found a large runed translucent door.
 19746 | Lair:5   | Killed Sonja
 19748 | Lair:5   | Noticed Radix's ghost (journeyman GrEE)
 19809 | Lair:5   | Your ally Sonja died
 19820 | Lair:5   | Reached XP level 14. HP: 98/111 MP: 22/30
 20039 | Lair:5   | Paralysed by a hornet for 3 turns
 20107 | Lair:5   | Reached skill level 1 in Invocations
 20160 | Lair:5   | Identified the ring of Wohieb {EV+4 Int+5 Slay-2}
 20177 | Lair:5   | Identified the +3 ring mail of Defence {Rampage Will+
                  | Str-4}
 20504 | Lair:5   | Noticed Rupert
 20511 | Lair:5   | Killed Rupert
 20512 | Lair:5   | Reached skill level 5 in Dodging
 20959 | Lair:5   | Killed Radix's ghost
 21458 | Orc:1    | Entered Level 1 of the Orcish Mines
 21548 | Orc:1    | Found a dark tunnel.
 21556 | Volcano  | Entered a volcano
 22086 | Volcano  | Found a burning altar of Makhleb.
 22263 | Volcano  | Noticed a red draconian
 22275 | Volcano  | Killed a red draconian
 22832 | Orc:1    | Reached skill level 5 in Invocations
 23146 | Orc:1    | You fall into a shaft and drop 1 floor!
 23146 | Orc:2    | Entered Level 2 of the Orcish Mines
 23146 | Orc:2    | Found a staircase to the Elven Halls.
 23617 | Orc:2    | Found Aprafaw's General Store.
 23656 | Orc:2    | Found Cogapsy's General Store.
 23678 | Orc:2    | Reached XP level 15. HP: 118/119 MP: 5/32
 24049 | Orc:2    | Reached skill level 15 in Summonings
 24844 | Orc:2    | Found Gaisyr's Book Shoppe.
 24844 | Orc:2    | Found Allohig's Antique Weapon Emporium.
 24844 | Orc:2    | Found a one-way gate leading to the halls of Pandemonium.
 25202 | Orc:2    | Bought a scroll of magic mapping for 112 gold pieces
 25202 | Orc:2    | Bought 6 javelins for 72 gold pieces
 25202 | Orc:2    | Bought a wand of digging (6) for 378 gold pieces
 25202 | Orc:2    | Bought a scroll of identify for 30 gold pieces
 25214 | Orc:2    | Bought a scroll of blinking for 97 gold pieces
 25214 | Orc:2    | Bought a scroll of poison for 52 gold pieces
 25214 | Orc:2    | Bought a scroll of butterflies for 52 gold pieces
 25214 | Orc:2    | Bought a scroll of noise for 13 gold pieces
 25214 | Orc:2    | Bought a scroll of teleportation for 39 gold pieces
 25214 | Orc:2    | Bought a +0 buckler for 58 gold pieces
 25214 | Orc:2    | Bought a scroll of amnesia for 52 gold pieces
 25417 | Orc:1    | Learned a level 7 spell: Monstrous Menagerie
 25591 | D:13     | Noticed Azrael
 25614 | D:13     | Killed Azrael
 26178 | D:13     | Found Popheg's Magic Scroll Boutique.
 26186 | D:13     | Bought a scroll of torment for 171 gold pieces
 26186 | D:13     | Bought a scroll of poison for 72 gold pieces
 26186 | D:13     | Bought a scroll of magic mapping for 135 gold pieces
 26186 | D:13     | Bought a scroll of magic mapping for 135 gold pieces
 26186 | D:13     | Bought a scroll of identify for 36 gold pieces
 27087 | D:14     | Found a gate to the Vaults.
 27569 | D:14     | Found the +7 mace of Variability {chain chaos}
 27578 | D:14     | Found a shimmering altar of Xom.
 27709 | D:15     | Entered Level 15 of the Dungeon
 27788 | D:15     | Reached XP level 16. HP: 117/127 MP: 15/34
 27814 | D:15     | Reached skill level 5 in Shields
 28054 | D:15     | Found a radiant altar of Vehumet.
 28591 | D:15     | Found a staircase to the Depths.
 29300 | Shoals:1 | Entered Level 1 of the Shoals
 29940 | Shoals:1 | You fall into a shaft and drop 1 floor!
 30422 | Shoals:2 | Found a corrupted altar of Lugonu.
 30422 | Shoals:2 | Identified the +6 whip "Runuej" {flame, *Noise Will++
                  | Int+5}
 30423 | Shoals:2 | Found a one-way gate to the infinite horrors of the Abyss.
 30446 | Shoals:2 | Noticed Donald
 30456 | Shoals:2 | Killed Donald
 30743 | Shoals:2 | Reached XP level 17. HP: 135/135 MP: 35/35
 30898 | Shoals:2 | Identified Roxanne's Papyrus of Moulding
 30898 | Shoals:2 | Noticed Roxanne
 30918 | Shoals:2 | Killed Roxanne
 31645 | Shoals:1 | Reached skill level 15 in Spellcasting
 32845 | Shoals:3 | Reached XP level 18. HP: 142/142 MP: 34/37
 32877 | Shoals:3 | Noticed Ilsuiw
 33585 | Shoals:3 | Killed Ilsuiw
 33585 | Shoals:3 | Enslaved Ilsuiw
 33602 | Shoals:3 | Reached skill level 10 in Invocations
 34423 | Shoals:3 | Reached skill level 10 in Dodging
 34739 | Shoals:4 | Entered Level 4 of the Shoals
 35667 | Shoals:4 | Noticed Kirke
 35683 | Shoals:4 | Killed Kirke
 36049 | Shoals:4 | Identified the ring of Polytheism {Will+ AC+4 Stlth+}
 36075 | Shoals:4 | Acquired the +3 warlock's mirror {reflect}
 36075 | Shoals:4 | Found the +3 warlock's mirror {reflect}
 36109 | Shoals:4 | Got a barnacled rune of Zot
 36123 | Shoals:4 | Found Koaz's Magic Scroll Emporium.
 36126 | Shoals:4 | Bought a scroll of enchant armour for 112 gold pieces
 36126 | Shoals:4 | Bought a scroll of fear for 60 gold pieces
 36126 | Shoals:4 | Bought a scroll of teleportation for 45 gold pieces
 36126 | Shoals:4 | Bought a scroll of blinking for 112 gold pieces
 36231 | Shoals:4 | Your ally Kirke died
 36433 | Shoals:4 | Identified the +1 ring mail "Hoyliaw" {Harm Str-5 Dex+2}
 36948 | Spider:1 | Entered Level 1 of the Spider Nest
 37508 | Spider:1 | Noticed Nikola
 38151 | Spider:1 | Reached XP level 19. HP: 151/151 MP: 25/39
 39058 | Spider:1 | Killed Nikola
 39321 | Spider:1 | Your ally Nikola died
 39651 | Spider:2 | Noticed Arachne
 39767 | Spider:2 | Noticed Agnes
 39776 | Spider:2 | Killed Agnes
 40122 | Spider:2 | Your ally Agnes died
 40600 | Spider:2 | Killed Arachne
 41040 | Spider:3 | Found the +3 pair of mountain boots {steadfast, rC+}
 41819 | Spider:3 | Noticed Jorgrun
 41838 | Spider:3 | Killed Jorgrun
 42088 | Spider:4 | Entered Level 4 of the Spider Nest
 42498 | Spider:4 | Identified the +1 shortbow of Tipsugha {vorpal, Will- MP+9
                  | Dex+6}
 42553 | Spider:4 | Noticed FexLirch's ghost (adept MeTm)
 42561 | Spider:4 | Found a runed translucent gate.
 42561 | Spider:4 | Found a runed translucent gate.
 42561 | Spider:4 | Found a runed translucent gate.
 42606 | Spider:4 | Acquired 1207 gold pieces
 43116 | Spider:4 | Reached XP level 20. HP: 148/160 MP: 1/41
 43187 | Spider:4 | Found the +3 pair of seven-league boots {Rampage+∞}
 43203 | Spider:4 | Got a gossamer rune of Zot
 43552 | D:6      | Bought a potion of experience for 700 gold pieces
 43552 | D:6      | Reached skill level 15 in Fighting
 43552 | D:6      | Reached XP level 21. HP: 168/168 MP: 40/42
 43783 | D:1      | Bought a Grand Grimoire for 374 gold pieces
 43792 | D:1      | Learned a level 8 spell: Summon Horrible Things
 44164 | D:10     | Killed Urug
 44754 | D:14     | Upgraded the game from 0.29.1-12-g30fa7ad0bf to
                  | 0.29.1-14-g9c671dbff4
 44758 | Vaults:1 | Entered Level 1 of the Vaults
 47709 | Vaults:2 | Noticed Frederick
 47725 | Vaults:2 | Killed Frederick
 48079 | Vaults:2 | Found a staircase to the Crypt.
 49103 | Vaults:2 | Learned a level 3 spell: Swiftness
 49297 | Vaults:3 | Noticed Zenata
 49511 | Vaults:3 | Found a crumbling gateway.
 49571 | Vaults:3 | Reached XP level 22. HP: 164/178 MP: 16/44
 49677 | Vaults:3 | Killed Zenata
 49677 | Vaults:3 | Enslaved Zenata
 49956 | Desolati | Entered the Desolation of Salt
 50088 | Desolati | Reached skill level 15 in Dodging
 50125 | Desolati | Got the Atlas of the Spellbinding Geologist
 50133 | Desolati | Identified the +9 sling of Ditwo Afia {vorpal, rF+}
 50186 | Desolati | Got the Tome of Rallying
 50188 | Desolati | Identified the +4 pair of gloves of Wonder {Str+2}
 50620 | Desolati | Got the Compilation of Pessimism
 50625 | Desolati | Identified the +10 shortbow of Zakhe {vorpal, Str+2 Dex+4}
 50627 | Desolati | Got the Tome of Shadows and Transmutation
 50844 | Desolati | Got the Collected Works on Flamy Filth
 50849 | Desolati | Got Iceakuz's Guidebook on the Venomous Crypt
 51009 | Vaults:3 | Upgraded the game from 0.29.1-14-g9c671dbff4 to
                  | 0.29.1-15-g9cfb28693d
 52586 | Vaults:4 | Found a huge runed gate.
 52586 | Vaults:4 | Found a huge runed gate.
 52586 | Vaults:4 | Found a huge runed gate.
 52586 | Vaults:4 | Found a huge runed gate.
 52586 | Vaults:4 | Found a huge runed gate.
 52586 | Vaults:4 | Found a huge runed gate.
 52586 | Vaults:4 | Found a huge runed gate.
 52587 | Vaults:4 | Found a huge runed gate.
 52587 | Vaults:4 | Found a huge runed gate.
 52587 | Vaults:4 | Found a huge runed gate.
 53948 | Vaults:4 | Reached XP level 23. HP: 168/187 MP: 25/46
 54651 | Vaults:4 | Identified the +7 war axe of Overwhelming Force {flame,
                  | rCorr}
 54673 | Vaults:4 | Learned a level 9 spell: Dragon's Call
 54973 | Vaults:4 | Learned a level 2 spell: Sublimation of Blood
 55116 | Vaults:4 | Got the Compendium of Poisonous Transmigration
 55387 | Depths:1 | Entered Level 1 of the Depths
 55387 | Depths:1 | Noticed Mara
 55399 | Depths:1 | Killed Mara
 56425 | Depths:1 | Found a gateway to Hell.
 56954 | Depths:2 | Acquired the ring of Lalomif {rN+ rCorr AC+4}
 57306 | Depths:2 | Found a one-way gateway to a ziggurat.
 57360 | Depths:2 | Noticed a juggernaut
 57378 | Depths:2 | Killed a juggernaut
 58683 | Depths:3 | Reached XP level 24. HP: 197/197 MP: 19/47
 59003 | Depths:3 | Found the +8 trishula "Condemnation" {holy, anguish, *Noise
                  | Fly rN+}
 59533 | Depths:3 | Noticed Louise
 59547 | Depths:3 | Killed Louise
 60474 | Depths:3 | Found a shimmering blue altar of Sif Muna.
 60662 | Depths:4 | Entered Level 4 of the Depths
 60663 | Depths:4 | Found the +2 hood of the Assassin {Detection Stab+ Stlth++}
 60926 | Depths:4 | Found a gate to the Realm of Zot.
 60962 | Depths:4 | Noticed a caustic shrike
 60966 | Depths:4 | Killed a caustic shrike
 60973 | Depths:4 | Noticed a caustic shrike
 60977 | Depths:4 | Noticed a caustic shrike
 60977 | Depths:4 | Noticed a caustic shrike
 60979 | Depths:4 | Killed a caustic shrike
 60982 | Depths:4 | Killed a caustic shrike
 60984 | Depths:4 | Killed a caustic shrike
 61001 | Depths:4 | Noticed Xtahua
 61002 | Depths:4 | Noticed a juggernaut
 61005 | Depths:4 | Noticed Parghit
 61005 | Depths:4 | Killed Xtahua
 61009 | Depths:4 | Killed a juggernaut
 61011 | Depths:4 | Identified the ring "Ganaodde" {Ice rElec Str+4 Int+4}
 61011 | Depths:4 | Noticed Josephina
 61017 | Depths:4 | Noticed Vv
 61020 | Depths:4 | Your ally Xtahua died
 61025 | Depths:4 | Killed Parghit
 61025 | Depths:4 | Killed Josephina
 61030 | Depths:4 | Reached XP level 25. HP: 135/206 MP: 22/48
 61039 | Depths:4 | Killed Vv
 61855 | D:12     | Killed kamileon1's ghost
 62129 | Elf:1    | Entered Level 1 of the Elven Halls
 62351 | Elf:1    | Got the Vellum of Dark Deeds
 62552 | Abyss:2  | Cast into level 2 of the Abyss (a deep elf sorcerer)
 62605 | Elf:1    | Escaped the Abyss
 62928 | Elf:1    | Found a transporter.
 62930 | Elf:1    | Noticed javelincjr's ghost (adept DjFE)
 62995 | Elf:1    | Found a transporter.
 63012 | Elf:1    | Paralysed by an air elemental for 1 turns
 63127 | Elf:1    | Found Worraxy's General Store.
 63137 | Elf:1    | Bought a scroll of fear for 56 gold pieces
 63137 | Elf:1    | Bought a scroll of magic mapping for 105 gold pieces
 63137 | Elf:1    | Bought a potion of curing for 42 gold pieces
 63475 | Elf:2    | Found a huge runed gate.
 63476 | Elf:2    | Found a huge runed gate.
 63476 | Elf:2    | Found a huge runed gate.
 63477 | Elf:2    | Found a huge runed gate.
 63478 | Elf:2    | Found a huge runed gate.
 63478 | Elf:2    | Found a huge runed gate.
 63479 | Elf:2    | Found a huge runed gate.
 63479 | Elf:2    | Found a huge runed gate.
 63479 | Elf:2    | Found a huge runed gate.
 63479 | Elf:2    | Found a huge runed gate.
 63480 | Elf:2    | Found a huge runed gate.
 63481 | Elf:2    | Found a huge runed gate.
 63482 | Elf:2    | Found a huge runed gate.
 63483 | Elf:2    | Found a huge runed gate.
 63496 | Elf:2    | Found a huge runed gate.
 63932 | Elf:2    | Acquired the amulet of Demnitull {Reflect rF+ Str+2 SH+5}
 64091 | Elf:2    | Found a runed translucent gate.
 64091 | Elf:2    | Found a runed translucent gate.
 64106 | Elf:2    | Found a runed translucent gate.
 64724 | Elf:3    | Entered Level 3 of the Elven Halls
 64809 | Elf:3    | Found a shimmering blue altar of Sif Muna.
 65117 | Elf:3    | Found Qusoufes's Magic Scroll Boutique.
 65124 | Elf:3    | Bought a scroll of teleportation for 30 gold pieces
 65124 | Elf:3    | Bought a scroll of blinking for 75 gold pieces
 65286 | Elf:3    | Identified the +0 crystal plate armour "Galadie" {-Cast
                  | Str-2 Dex+9 SInv}
 65308 | Elf:3    | Identified the ring of Wycaq {+Blink rElec rF- Will+}
 65970 | Elf:3    | Reached XP level 26. HP: 216/216 MP: 38/49
 65976 | Elf:3    | Identified the +1 leather armour "Viafrinn" {rPois rF+}
 66008 | Elf:3    | Paralysed by an air elemental for 1 turns
 66012 | Elf:3    | Identified the +4 glaive of Destiny {protect, Fly Int+9}
 66126 | Elf:3    | Identified the +0 shadow dragon scales of Calculation {Harm
                  | Rampage Stlth++++}
 66141 | Elf:3    | Identified the ring "Nucaedgh" {rN+ Will+ Int+6 Dex+3}
 66146 | Elf:3    | Got the Lessons on Glamour
 66152 | Elf:3    | Identified the +2 ring mail "Buaddul" {SInv}
 66497 | Elf:1    | Killed javelincjr's ghost
 66946 | Spider:4 | Killed FexLirch's ghost
 67456 | Vaults:5 | Entered Level 5 of the Vaults
 68449 | Vaults:5 | Found Vipoly's Distillery.
 68515 | Vaults:5 | Found Qeywkoce's Distillery.
 68661 | Vaults:5 | Bought a potion of mutation for 104 gold pieces
 68661 | Vaults:5 | Bought a potion of curing for 39 gold pieces
 68661 | Vaults:5 | Bought a potion of mutation for 104 gold pieces
 68661 | Vaults:5 | Bought a potion of lignification for 39 gold pieces
 68661 | Vaults:5 | Bought a potion of curing for 39 gold pieces
 68661 | Vaults:5 | Bought 2 potions of heal wounds for 130 gold pieces
 68779 | Vaults:5 | Bought a potion of curing for 57 gold pieces
 68779 | Vaults:5 | Bought a potion of cancellation for 152 gold pieces
 68779 | Vaults:5 | Bought a potion of lignification for 57 gold pieces
 68779 | Vaults:5 | Bought a potion of cancellation for 152 gold pieces
 68779 | Vaults:5 | Bought a potion of might for 76 gold pieces
 68779 | Vaults:5 | Bought 2 potions of magic for 304 gold pieces
 68779 | Vaults:5 | Bought a potion of lignification for 57 gold pieces
 68779 | Vaults:5 | Bought a potion of brilliance for 76 gold pieces
 68779 | Vaults:5 | Bought a potion of resistance for 190 gold pieces
 68779 | Vaults:5 | Bought 3 potions of brilliance for 228 gold pieces
 68817 | Vaults:5 | Found Jewif's Distillery.
 68822 | Vaults:5 | Bought a potion of brilliance for 76 gold pieces
 68822 | Vaults:5 | Bought a potion of heal wounds for 95 gold pieces
 68822 | Vaults:5 | Bought a potion of curing for 57 gold pieces
 68822 | Vaults:5 | Bought a potion of curing for 57 gold pieces
 68822 | Vaults:5 | Bought a potion of magic for 152 gold pieces
 68836 | Vaults:5 | Found Reecump's Magic Scroll Boutique.
 68859 | Vaults:5 | Bought a scroll of blinking for 157 gold pieces
 68859 | Vaults:5 | Bought a scroll of teleportation for 63 gold pieces
 68859 | Vaults:5 | Bought a scroll of teleportation for 63 gold pieces
 68859 | Vaults:5 | Bought a scroll of teleportation for 63 gold pieces
 68921 | Vaults:5 | Identified the +4 broad axe "Biabun" {speed, Will+}
 69007 | Vaults:5 | Noticed an ancient lich
 69018 | Vaults:5 | Killed an ancient lich
 69175 | Vaults:5 | Found Pumoki's Jewellery Shop.
 69180 | Vaults:5 | Found Hiep's Armour Shoppe.
 69183 | Vaults:5 | Found Vamymm's Book Shoppe.
 69304 | Vaults:5 | Found Xafynulu's Distillery.
 69305 | Vaults:5 | Found Larip's Distillery.
 69310 | Vaults:5 | Bought a potion of curing for 48 gold pieces
 69310 | Vaults:5 | Bought 2 potions of curing for 96 gold pieces
 69314 | Vaults:5 | Bought a potion of curing for 36 gold pieces
 69314 | Vaults:5 | Bought a potion of lignification for 36 gold pieces
 69314 | Vaults:5 | Bought a potion of curing for 36 gold pieces
 69314 | Vaults:5 | Bought 2 potions of curing for 72 gold pieces
 69314 | Vaults:5 | Bought a potion of curing for 36 gold pieces
 69314 | Vaults:5 | Bought a potion of heal wounds for 60 gold pieces
 69314 | Vaults:5 | Bought a potion of mutation for 96 gold pieces
 69314 | Vaults:5 | Bought a potion of heal wounds for 60 gold pieces
 69392 | Vaults:5 | Noticed Boris
 69406 | Vaults:5 | Killed Boris
 69414 | Vaults:5 | Noticed a dread lich
 69429 | Vaults:5 | Killed a dread lich
 69872 | Vaults:5 | Noticed Saint Roka
 69881 | Vaults:5 | Killed Saint Roka
 70047 | Vaults:5 | Got a silver rune of Zot
 70143 | Vaults:5 | Your ally Saint Roka died
 70157 | Vaults:5 | Reached XP level 27. HP: 226/226 MP: 45/50
 70370 | Crypt:1  | Entered Level 1 of the Crypt
 70379 | Crypt:1  | Noticed a dread lich
 70394 | Crypt:1  | Killed a dread lich
 70547 | Crypt:1  | Found a transporter.
 70584 | Crypt:1  | Found a basalt altar of Yredelemnul.
 70807 | Crypt:1  | Noticed Bai Suzhen
 70817 | Crypt:1  | Killed Bai Suzhen
 70943 | Crypt:1  | Found a transporter.
 71439 | Crypt:2  | Noticed Boris
 71448 | Crypt:2  | Killed Boris
 71609 | Crypt:2  | Identified the amulet "Ifeopeod" {RegenMP rElec rCorr}
 72205 | Crypt:3  | Entered Level 3 of the Crypt
 72222 | Crypt:3  | Noticed an ancient lich
 72228 | Crypt:3  | Killed an ancient lich
 72237 | Crypt:3  | Noticed a royal mummy
 72239 | Crypt:3  | Noticed a royal mummy
 72245 | Crypt:3  | Killed a royal mummy
 72253 | Crypt:3  | Noticed Khufu
 72889 | Crypt:3  | Noticed Margery
 73387 | Crypt:3  | Killed Margery
 73402 | Crypt:3  | Killed a royal mummy
 73651 | Crypt:3  | Killed Khufu
 74022 | Crypt:3  | Found a staircase to the Tomb.
 74450 | Crypt:3  | Identified the ring of Asuuk {rElec rPois rF- rC+}
 75228 | Crypt:3  | Reached skill level 27 in Summonings
 75261 | Crypt:3  | Noticed a dread lich
 75269 | Crypt:3  | Killed a dread lich
 75280 | Crypt:3  | Identified the +1 hat "Boelaext" {+Blink rElec rN+ Dex+2}
 75297 | Crypt:3  | Identified the amulet "Pavvekly" {Harm rElec rC+ Regen+
                  | Str-4}
 75297 | Crypt:3  | Identified the ring of Dim Light {rElec rN+ Str+5 Dex+4}
 75299 | Crypt:3  | Identified the +0 plate armour of Hezeoges {rN+ Stlth+}
 75834 | Slime:1  | Entered Level 1 of the Pits of Slime
 76265 | Lair:4   | Learned a level 7 spell: Malign Gateway
 76298 | Lair:4   | Learned a level 2 spell: Blink
 76300 | Lair:4   | Learned a level 1 spell: Slow
 76304 | Lair:4   | Learned a level 3 spell: Teleport Other
 76509 | D:14     | Learned a level 5 spell: Silence
 76642 | Zot:1    | Entered Level 1 of the Realm of Zot
 78513 | Zot:2    | Found a transporter.
 78799 | Zot:2    | Found a transporter.
 82413 | Zot:5    | Entered Level 5 of the Realm of Zot
 82997 | Zot:5    | Noticed an orb of fire
 83015 | Zot:5    | Killed an orb of fire
 83030 | Zot:5    | Noticed an orb of fire
 83041 | Zot:5    | Killed an orb of fire
 83357 | Zot:5    | Reached skill level 27 in Spellcasting
 83377 | Zot:5    | Noticed an orb of fire
 83383 | Zot:5    | Noticed an orb of fire
 83385 | Zot:5    | Noticed an orb of fire
 83391 | Zot:5    | Killed an orb of fire
 83393 | Zot:5    | Killed an orb of fire
 83397 | Zot:5    | Noticed an orb of fire
 83413 | Zot:5    | Gained mutation: You occasionally shout uncontrollably at
                  | your foes. [an orb of fire]
 83464 | Zot:5    | Identified the ring of the Divine Tomato {rF++ AC+4 Slay-6}
 83616 | Zot:5    | Killed an orb of fire
 83786 | Zot:5    | Got the Orb of Zot
 84273 | D:6      | Noticed Ojyvaproy the pandemonium lord
 84421 | D:$      | Escaped with the Orb!

Illustrated notes

Levels and vault maps discovered:
D:1:      dpeg_chamrin_arrival_tetris, layout_basic,
          nicolae_ecumenical_snake_handling, serial_shops, shop_fountains
D:2:      layout_rooms, basic_altar, uniq_terence
D:3:      layout_basic, mainiacjoe_overflow_cross_hatched, ashenzari_altar_1,
          uniq_jessica
D:4:      layout_loops_ring, chei_slow_surprise, grunt_dithmenos_smoke
D:5:      layout_loops_ring, uniq_edmund
D:6:      cheibrodos_fertilizer, layout_cave_pools, minmay_temple_entry_slanted,
          serial_co_window_serial, co_window_cross_1, co_window_corner_a,
          co_window_of_opportunity_a, co_window_paths_a, co_window_paths_b,
          co_window_corner_cb, co_window_broadway_c, co_window_corner_b,
          co_window_corner_ca, co_window_broadway_a, co_window_cross_3,
          co_window_4corner_b, glass_columns_b, glass_columns_c,
          glass_columns_a, glass_columns_a, glass_columns_c,
          nicolae_stop_n_shop_2
D:7:      layout_loops_ring, moated_statue
D:8:      layout_basic, bloody_makhleb, enter_bailey_2
D:9:      layout_long_grid, okawaru_metal_pillars_3,
          gammafunk_temple_overflow_arena, amethyst_overflow_temple_binary
D:10:     layout_irregular_city, lair_entry_dummy, uniq_urug
D:11:     layout_grid_maze
D:12:     layout_grid_maze, orc_0_dummy, gammafunk_ghost_split,
          chequers_serial_rivers_micro_a, serial_bayou_lake_a
D:13:     layout_roguey, serial_shops, nicolae_lakefront_shop, kennysheep_dice,
          uniq_azrael
D:14:     layout_rooms, david_vaults_5, glass_columns_a, amethyst_killhole,
          minmay_guarded_unrand_variability
D:15:     grunt_enter_depths_snipers, layout_cave_pools, dreamdust_wishing_well,
          chequers_serial_rivers_small_a, nicolae_vehumet_altar_sigil
Lair:1:   layout_hall_layers, dpeg_stationary_puzzle, uniq_harold
Lair:2:   layout_gridlike, elwin_shoals_entry_rooms, uniq_amaemon
Lair:3:   gammafunk_boulding_lane, layout_cave_pods,
          nicolae_spider_entry_tight_spaces, nicolae_lair_liquid_snakes,
          lemuel_fruit_fields
Lair:4:   layout_regular_city, slime_entry_1
Lair:5:   gammafunk_lair_ancient_temple, layout_gridlike,
          ebering_ghost_disaster_area, serial_bayou_shore_a, uniq_sonja,
          uniq_rupert
Shoals:1: layout_shoals, nicolae_shoals_circle_sea_wall,
          nicolae_shoals_lost_giant_pillars, nicolae_shoals_mertower
Shoals:2: layout_shoals, amcnicky_altar_lugonu_corruption, uniq_donald,
          uniq_roxanne
Shoals:3: layout_shoals, uniq_ilsuiw
Shoals:4: shoals_end_simple, layout_shoals, serial_shops, nicolae_shop_trees,
          uniq_kirke
Spider:1: mumra_spider_spiderweb, uniq_nikola
Spider:2: layout_cave_pods, drop_trap, nicolae_spider_acid_house, uniq_arachne,
          uniq_agnes
Spider:3: layout_spider_delve, spiders_nest_ghost_moth_duel, uniq_jorgrun
Spider:4: grunt_spider_rune_parallel, gammafunk_ghost_split
Slime:1:  nicolae_slime_jelly_donut, layout_caves,
          cheibrodos_slime_lost_civilization_6
Orc:1:    layout_caves, nicolae_volcano_entry_hallway, elves_outpost_lemuel
Orc:2:    pf_orc_diabolical, layout_diamond_mine, mines5_lemuel
Elf:1:    minmay_elf_arrival_circle, layout_loops_corners, serial_shops, shop,
          gammafunk_ghost_berserking_beasts, minmay_elf_necromancy
Elf:2:    nicolae_elf_blades_splatter_lattice [nicolae_blade_entry_pointy_end],
          layout_geoelf_grid, not_door_vault_due
Elf:3:    minmay_elf_hall_quartered_circle, layout_geoelf_diagonals,
          serial_shops, shop, basic_altar
Vaults:1: st_squares, vaults_room_door_hall, hangedman_vaults_restitches,
          hangedman_vaults_pinch, vaults_room_door_ring, hangedman_vaults_slice,
          vaults_dpeg_diagonal, nicolae_vaults_alarming,
          layout_vaults_chaotic_city
Vaults:2: v_alt_pattern_6, grunt_vaults_twisty, vaults_mumra_hex,
          vaults_dpeg_hooks, nicolae_vaults_little_squares_4,
          layout_vaults_omnigrid, minmay_crypt_entry_simple_corners,
          uniq_frederick
Vaults:3: portal_desolation_entry_salt, v_rooms_1, v_misc_28,
          ontoclasm_vaults_gateway, nicolae_vaults_what_the_h,
          hangedman_vaults_hat, nicolae_vaults_mini_display_case,
          vaults_standard_mumra_lines, nicolae_vaults_little_squares_1,
          nicolae_vaults_little_ls, nicolae_vaults_little_squares_6,
          layout_vaults_omnicross, uniq_zenata
Vaults:4: not_door_vault_mu, v_alt_pattern_1, nicolae_vaults_network_s,
          vaults_standard_mumra_enter_the_diamond,
          nicolae_vaults_yaktaur_gun_rack, st_greater_box_3,
          nicolae_vaults_puzzle_piece, nicolae_vaults_network_star, v_misc_29,
          v_misc_24, nicolae_vaults_little_squares_6, vaults_dpeg_encased_lava,
          layout_vaults_omnibox
Vaults:5: uniq_saint_roka, uniq_boris
Crypt:1:  gammafunk_its_a_trap, layout_misc_corridors, basic_altar,
          grunt_crypt_arrival_webbed, uniq_bai_suzhen
Crypt:2:  layout_misc_corridors, grunt_megastairs_2
Crypt:3:  due_elkab, layout_chaotic_city, nicolae_tomb_entry_grand_gallery,
          uniq_khufu, uniq_margery
Depths:1: layout_forbidden_donut, minmay_misc_feat_encased,
          pf_hell_entry_great_geh, hex_large, water_boxes_lemuel, uniq_mara
Depths:2: evilmike_diamond_2, layout_gridlike, enter_ziggurat_e,
          rand_demon_pan_entry_4, hell_entry, minivault_16, corner_web_ring,
          chequers_serial_rivers_small_a
Depths:3: minmay_concentric_multi, layout_gridlike,
          nicolae_abyss_entry_one_way_or_another, hellmouth_1, grunt_decor_cap,
          tgw_sif
Depths:4: grunt_zot_entry_alcove, layout_cross, hell_entry,
          chequers_serial_rivers_micro_d, uniq_josephina, uniq_parghit,
          uniq_xtahua, uniq_vv
Zot:1:    layout_gridlike
Zot:2:    gammafunk_dig_for_victory, layout_misc_corridors,
          hangedman_zot_decor_tridents, hangedman_zot_gyre
Zot:3:    layout_onion
Zot:4:    layout_gridlike
Zot:5:    layout_misc_corridors

Skill      XL: |  1  2  3  4  5  6  7  8  9 10 11 12 13 14 15 16 17 18 19 20 21 22 23 24 25 26 27 |
---------------+----------------------------------------------------------------------------------+-----
Fighting       | 1 2 3 5 6 7 8 9 10 11 12 13 14 15 16 17 18 19 20 26 | 26.1
Spellcasting   | 3 4 5 6 7 9 10 11 12 13 14 15 16 17 18 19 20 21 22 23 27 | 27.0
Summonings     | 5 6 8 9 10 11 12 13 14 15 16 17 18 20 21 22 23 24 25 27 | 27.0
Polearms       | 5 8 10 12 14 | 14.0
Dodging        | 3 6 8 9 11 12 13 14 16 17 18 19 | 19.3
Shields        | 1 2 4 6 8 |  8.0
Invocations    | 5 7 8 9 10 | 10.0
Conjurations   | 2 |  2.9
Stealth        | |  2.1

Action                   |  1- 3 |  4- 6 |  7- 9 | 10-12 | 13-15 | 16-18 | 19-21 | 22-24 | 25-27 || total
-------------------------+-------+-------+-------+-------+-------+-------+-------+-------+-------++-------
Melee: Unarmed           |     5 |       |       |       |       |       |       |       |       ||     5
       Short sword       |    35 |    31 |   100 |       |       |       |       |       |       ||   166
       Punch             |       |       |     2 |     6 |     2 |       |       |       |       ||    10
       Demon trident     |       |       |    11 |   362 |   602 |   257 |   197 |   363 |   737 ||  2529
       Spear             |       |       |     9 |       |       |       |       |       |       ||     9
       Tailslap          |       |       |       |     3 |    18 |    15 |     3 |       |     2 ||    41
Throw: Dart              |       |       |     1 |       |       |     6 |       |       |       ||     7
       Javelin           |       |       |       |     1 |       |     1 |       |       |       ||     2
 Cast: Summon Small Mamm |    45 |    38 |    46 |    40 |    51 |    46 |     4 |       |       ||   270
       Call Imp          |    17 |    19 |    28 |    32 |    42 |    25 |     3 |       |       ||   166
       Call Canine Famil |     1 |    15 |    31 |    27 |    66 |    39 |    16 |    17 |     9 ||   221
       Summon Lightning  |       |       |     5 |    20 |    38 |    20 |     5 |     5 |       ||    93
       Summon Ice Beast  |       |       |       |     3 |    37 |    40 |    24 |     8 |       ||   112
       Summon Mana Viper |       |       |       |     2 |    23 |    45 |    31 |    30 |    14 ||   145
       Summon Cactus Gia |       |       |       |       |    60 |    73 |    51 |    42 |    14 ||   240
       Summon Forest     |       |       |       |       |     4 |    13 |    12 |     6 |     3 ||    38
       Monstrous Menager |       |       |       |       |     3 |   103 |   157 |   137 |    79 ||   479
       Summon Horrible T |       |       |       |       |       |       |    27 |    82 |   142 ||   251
       Dragon's Call     |       |       |       |       |       |       |       |     7 |    55 ||    62
       Malign Gateway    |       |       |       |       |       |       |       |       |     3 ||     3
       Blink             |       |       |       |       |       |       |       |       |     1 ||     1
Invok: Recall Undead Har |       |     5 |     8 |    14 |    25 |    34 |    69 |    53 |    79 ||   287
       Bind Soul         |       |       |       |       |       |     1 |       |     1 |     1 ||     3
       Drain Life        |       |       |       |       |       |     1 |       |       |       ||     1
       Stop Recall       |       |       |       |       |       |       |     1 |     2 |       ||     3
Evoke: Phantom mirror    |       |       |       |       |       |       |       |     1 |       ||     1
       Wand              |       |       |       |       |       |       |       |       |     3 ||     3
  Use: Scroll            |       |     4 |     8 |     5 |    11 |     6 |     4 |     5 |    17 ||    60
       Potion            |       |       |       |     1 |     3 |     6 |     3 |     7 |    13 ||    33
 Stab: Sleeping          |     1 |       |       |    10 |     5 |     4 |     1 |     3 |     7 ||    31
       Distracted        |     1 |     1 |     2 |     9 |    17 |    13 |    10 |    20 |    40 ||   113
       Confused          |       |       |       |       |       |       |     1 |       |       ||     1
       Invisible         |       |       |       |       |       |       |       |       |     1 ||     1
Armor: Robe              |     8 |    10 |    24 |    29 |       |       |       |    33 |    97 ||   201
       Leather armour    |       |       |       |    25 |    57 |    48 |    30 |     3 |       ||   163
Dodge: Dodged            |    32 |    22 |    90 |   158 |   250 |   178 |   104 |   127 |   409 ||  1370
Block: Buckler           |       |       |       |       |    18 |    69 |    53 |    65 |   214 ||   419
       Reflection        |       |       |       |       |       |     3 |     8 |    27 |    36 ||    74
